 Dungeon Crawl Stone Soup version 0.25.1-2-g60ff931df9 (webtiles) character file.

Game seed: 1420834178997035010

280 hawla the Chopper (level 6, -1/56 HPs)
             Began as a Minotaur Berserker on Oct 8, 2020.
             Was a Believer of Trog.
             Slain by Grinder (7 damage)
             ... while paralysed by Grinder
             ... on level 3 of the Dungeon.
             The game lasted 00:06:12 (2876 turns).

hawla the Chopper (Minotaur Berserker)              Turns: 2876, Time: 00:06:12

Health: -1/56      AC:  2    Str: 24    XL:     6   Next: 5%
Magic:  5/5        EV:  2    Int:  4    God:    Trog [**....]
Gold:   93         SH:  0    Dex:  9    Spells: 5/5 levels left

rFire    . . .     SeeInvis .   h - +2 scythe (protect)
rCold    . . .     Gourm    .   (shield currently unavailable)
rNeg     . . .     Faith    .   b - +0 animal skin
rPois    .         Spirit   .   (helmet restricted)
rElec    .         Reflect  .   (no cloak)
rCorr    .         Harm     .   (no gloves)
MR       .....                  (no boots)
Stlth    +.........             (no amulet)
HPRegen  0.18/turn              (no ring)
MPRegen  0.09/turn              (no ring)

@: paralysed
A: retaliatory headbutt, horns 2
a: Berserk, Trog's Hand, Renounce Religion


You were on level 3 of the Dungeon.
You worshipped Trog.
Trog was pleased with you.
You were not hungry.

You visited 1 branch of the dungeon, and saw 3 of its levels.

You collected 93 gold pieces.

Inventory:

Hand Weapons
 a - a +0 hand axe
 h - a +2 scythe of protection (weapon)
Armour
 b - a +0 animal skin (worn)
 i - a +0 chain mail
 l - a +0 ring mail
Jewellery
 m - a cursed ring of attention {unknown}
Wands
 o - a wand of flame (19)
Scrolls
 d - 2 scrolls of remove curse
 e - 2 scrolls of enchant armour
 f - a scroll of identify
Potions
 g - 2 potions of invisibility {unknown}
 k - a potion of ambrosia {unknown}
 n - a potion of heal wounds {unknown}
Comestibles
 c - 3 rations
 p - 4 chunks of flesh


   Skills:
 + Level 5.1 Fighting
 + Level 5.4(5.5) Axes
 + Level 0.7(3.4) Polearms
 + Level 3.1 Armour
 * Level 4.3 Dodging


You had 5 spell levels left.
You didn't know any spells.
Your spell library was empty.

Dungeon Overview and Level Annotations

Branches:
Dungeon (3/15)

Altars:

Annotations:
D:2 1 runed translucent door, Crazy Yiuf
D:3 Grinder


Innate Abilities, Weirdness & Mutations

You reflexively headbutt those who attack you in melee.
You have a pair of horns on your head.


Message History

You hit Grinder.
Your weapon exudes an aura of protection.
Grinder is almost dead.
Grinder closely misses you.
Grinder says, "My boss said I was rubbish.
His entrails said otherwise."
Grinder hits you.
* * * LOW HITPOINT WARNING * * *
You writhe in agony.
* * * LOW HITPOINT WARNING * * *
You closely miss Grinder.
Grinder is almost dead.
Grinder hits you but does no damage. Grinder gestures at you.
You suddenly lose the ability to move!
Grinder hits you.
* * * LOW HITPOINT WARNING * * *
You writhe in agony.
* * * LOW HITPOINT WARNING * * *
Grinder hits you!
You die...

....%#.#.##.#
.#.###.#
.......#.##........
#
.......#.###.###.###
........>....###.#
..........##.....#
.......K..##.###.#
.....### ..#..##)#
.......###.##.##.#
.##.....##.##.##@#
.##.###.##.##..#5#
.....)§..........#
#######.§...##.###
#.##.......
#.##.#.#.#...
#.##.....#.....
#.####...# #..# ###
...# ..#


You could see Grinder.

Vanquished Creatures
  Sigmund (D:2)
  A worker ant (D:2)
  6 adders (D:2)
  An ooze (D:3)
  A worm (D:2)
  A leopard gecko (D:2)
  An orc (D:3)
  4 bats
  3 giant cockroaches
  2 goblins
  2 hobgoblins
  3 jackals (D:2)
  5 kobolds
  A quokka (D:2)
  2 ball pythons
  2 frilled lizards
  5 rats
41 creatures vanquished.

Notes
Turn   | Place    | Note
-------+----------+-------------------------------------------
     0 | D:1      | hawla the Minotaur Berserker began the quest for the Orb.
     0 | D:1      | Reached XP level 1. HP: 19/19 MP: 0/0
   587 | D:1      | Reached XP level 2. HP: 27/27 MP: 1/1
  1085 | D:2      | Found a faded altar of an unknown god.
  1098 | D:2      | Noticed Sigmund
  1106 | D:2      | Killed Sigmund
  1106 | D:2      | Reached skill level 5 in Axes
  1106 | D:2      | Reached XP level 3. HP: 13/35 MP: 2/2
  1106 | D:2      | Reached XP level 4. HP: 16/41 MP: 3/3
  1106 | D:2      | Reached XP level 5. HP: 18/47 MP: 4/4
  1368 | D:2      | Reached skill level 5 in Fighting
  1395 | D:2      | Reached ** piety under Trog
  2074 | D:2      | Found a runed translucent door.
  2075 | D:2      | Noticed Crazy Yiuf
  2271 | D:2      | Reached XP level 6. HP: 37/56 MP: 5/5
  2819 | D:3      | Noticed Grinder
  2843 | D:3      | Paralysed by Grinder for 5 turns
  2874 | D:3      | Paralysed by Grinder for 5 turns
  2876 | D:3      | Slain by Grinder

Illustrated notes

Levels and vault maps discovered:
D:1:      wheals_arrival_shading, layout_basic
D:2:      layout_basic, chequers_ecumenical_altar_simple_redux,
          lemuel_another_geyser, uniq_crazy_yiuf_cottage, uniq_sigmund
D:3:      layout_basic, first_ration, uniq_grinder

Skill      XL: |  1  2  3  4  5 |
---------------+----------------+-----
Fighting       | 4 5 |  5.1
Axes           | 5 |  5.4
Armour         | 3 |  3.1
Dodging        | 3 4 |  4.3
Polearms       | |  0.7

Action                   |  1- 3 |  4- 6 || total
-------------------------+-------+-------++-------
Melee: Hand axe          |    30 |     8 ||    38
       Headbutt          |     2 |     4 ||     6
       Scythe            |       |    59 ||    59
Invok: Berserk           |     1 |       ||     1
       Trog's Hand       |       |     1 ||     1
Evoke: Wand              |       |     2 ||     2
  Use: Scroll            |     2 |     1 ||     3
 Stab: Sleeping          |     2 |       ||     2
  Eat: Chunk             |       |     2 ||     2
       Ration            |       |     2 ||     2
Armor: Animal skin       |     3 |    21 ||    24
Dodge: Dodged            |    18 |    51 ||    69
